Map: Whitewater Line LE

Players

DoctorChakaL

  • Race: Zerg Zerg
  • League: Gold
  • Spawn Location: 12:00

Rhynox

  • Race: Protoss Protoss
  • Spawn Location: 1:00

FERNADER

  • Race: Protoss Protoss
  • League: Gold
  • Spawn Location: 1:00

Cthulhu

  • Race: Terran Terran
  • Spawn Location: 6:00

Faust

  • Race: Zerg Zerg
  • League: Diamond
  • Spawn Location: 7:00

Throwfordays

  • Race: Protoss Protoss
  • League: Silver
  • Spawn Location: 7:00

VOD

Have the link to the VOD?

Description

Time

  • Played on: Feb. 13, 2019, 10:06 p.m.
  • Length: 20:13
Show
View Real Time Build Order
Export as new Build Order

DoctorChakaL Zerg 

Build Orders: Hatch First 

Get SALT Encoding   

  12  0:02  Drone  
  14  0:14  Drone  
  14  0:24  Extractor, Drone  
  15  0:51  Hatchery, Overlord  
  14  0:57  Extractor  
  13  1:14  Drone  
  14  1:18  Spawning Pool  
  14  1:25  Drone x2  
  15  1:38  Drone x2  
  17  1:48  Drone  
  18  2:05  Metabolic Boost  
  18  2:10  Queen  
  18  2:13  Queen  
  18  2:15  Drone x2  
  24  2:18  Drone  
  24  2:21  Drone  
  26  2:33  Overlord  
  26  2:37  Drone x2  
  28  2:56  Roach Warren  
  28  2:57  Drone x4  
  28  2:58  Drone  
  32  3:05  Lair  
  32  3:13  Spine Crawler  
  32  3:18  Spine Crawler  
  30  3:27  Spine Crawler  
  30  3:31  Spine Crawler  
  28  3:34  Spine Crawler  
  28  3:35  Zergling x4  
  29  3:42  Extractor  
  25  4:11  Drone x2  
  25  4:12  Drone x6  
  33  4:28  Hatchery  
  32  4:39  Glial Reconstitution  
  32  4:48  Drone x4  
  36  4:57  Overlord x2  
  36  4:58  Overlord  
  36  5:24  Hydralisk Den  
  35  5:42  Extractor  
  34  5:45  Extractor  
  33  5:50  Roach x4  
  33  5:51  Roach  
  33  5:52  Hydralisk x2  
  33  5:53  Hydralisk x3  
  53  6:07  Queen  
  55  6:18  Drone x10  
  63  6:19  Drone  
  63  6:24  Ravager x2  
  66  7:05  Spine Crawler  
  58  7:48  Hydralisk  
  58  7:49  Hydralisk x3  
  66  7:51  Overlord x2  
  66  7:52  Overlord x3  
  66  7:56  Overseer  
  66  8:22  Hydralisk x4  
  66  8:26  Zergling x4  
  76  8:52  Hatchery  
  75  9:09  Hatchery  
  55  9:57  Zergling x4  
  55  9:58  Zergling x14  
  64  10:11  Extractor  
  63  10:15  Extractor  
  62  10:29  Hydralisk x5  
  62  10:30  Hydralisk x3  
  72  10:50  Hydralisk x4  
  76  11:15  Hydralisk  
  76  11:16  Hydralisk x2  
  82  11:24  Lair  
  82  11:29  Queen  
  58  12:15  Zergling x8  
  61  12:16  Zergling x10  
  61  12:17  Hatchery  
  65  12:35  Hatchery  
  64  12:49  Overseer  
  64  12:54  Drone x5  
  64  12:55  Drone x2  
  71  13:09  Zergling x4  
  64  13:27  Zergling x6  
  64  13:28  Zergling x10  
  60  13:46  Muscular Augments  
  56  13:49  Drone x5  
  56  13:50  Drone x2  
  62  14:15  Hydralisk x4  
  70  14:18  Overlord  
  70  14:19  Overlord x5  
  70  14:26  Extractor  
  70  14:28  Queen, Extractor  
  70  14:43  Zergling x8  
  70  14:44  Zergling x12  
  73  14:55  Drone x4  
  73  14:57  Grooved Spines  
  77  15:04  Pneumatized Carapace  
  77  15:18  Hydralisk x2  
  77  15:19  Hydralisk x6  
  77  15:20  Hydralisk  
  95  15:39  Hydralisk  
  95  15:40  Hydralisk x7  
  105  15:57  Zergling x4  
  105  15:58  Zergling x16  
  105  15:59  Zergling x4  
  117  16:05  Hydralisk  
  117  16:09  Overlord x3  
  119  16:27  Hydralisk x4  
  119  16:30  Hydralisk x4  
  135  16:41  Hydralisk x4  
  137  17:02  Hydralisk x3  
  137  17:03  Hydralisk  
  130  17:25  Hydralisk x2  
  130  17:26  Hydralisk x5  
  144  17:50  Overlord x2  
  144  17:51  Overlord x7  
  75  18:32  Hydralisk x3  
  75  18:33  Hydralisk x7  
  75  18:34  Hydralisk x3  
  73  19:13  Hatchery  
  70  19:27  Hatchery  
Show
View Real Time Build Order
Export as new Build Order

Rhynox Protoss 

Build Orders:  

Get SALT Encoding   

  12  0:01  Probe  
  13  0:14  Pylon  
  13  0:17  Probe  
  14  0:31  Probe  
  14  0:34  Gateway  
  15  0:43  Probe  
  15  0:45  Assimilator  
  16  0:50  Assimilator  
  16  0:51  Probe  
  17  0:59  Probe  
  18  1:09  Probe  
  19  1:21  Cybernetics Core, Probe  
  20  1:46  Nexus  
  20  2:00  Stargate  
  20  2:05  Pylon  
  20  2:07  Probe  
  21  2:16  Adept  
  23  2:23  Probe  
  24  2:36  Void Ray, Probe  
  30  2:51  Probe  
  30  2:57  Forge  
  30  3:01  Pylon  
  30  3:02  Probe  
  31  3:05  Probe  
  32  3:16  Probe  
  33  3:34  Probe x2  
  35  3:41  Photon Cannon  
  35  3:45  Void Ray  
  35  3:46  Probe x2  
  41  4:06  Pylon  
  41  4:07  Probe x2  
  43  4:10  Pylon  
  43  4:12  Assimilator  
  43  4:14  Adept  
  45  4:19  Void Ray, Probe  
  46  4:29  Probe  
  46  4:30  Pylon  
  51  4:35  Photon Cannon  
  51  4:37  Probe  
  52  4:42  Probe  
  52  4:43  Assimilator  
  53  4:50  Void Ray  
  53  4:53  Photon Cannon  
  53  5:03  Protoss Air Weapons Level 1  
  57  5:08  Probe x2  
  59  5:20  Adept, Probe  
  59  5:21  Probe  
  63  5:23  Protoss Shields Level 1  
  63  5:26  Void Ray  
  63  5:33  Stargate  
  67  5:38  Probe  
  67  5:39  Probe  
  69  5:50  Probe  
  69  5:51  Probe  
  71  5:59  Void Ray  
  71  6:10  Stargate  
  75  6:24  Pylon x2  
  75  6:27  Pylon  
  75  6:42  Void Ray  
  75  6:44  Void Ray  
  83  6:53  Void Ray  
  87  7:01  Protoss Air Armor Level 1  
  87  7:20  Pylon x2  
  87  7:25  Void Ray  
  87  7:27  Void Ray  
  95  7:36  Void Ray  
  99  8:07  Void Ray  
  99  8:09  Void Ray  
  107  8:22  Probe x2  
  107  8:24  Void Ray  
  113  8:34  Probe  
  114  8:35  Nexus  
  114  8:37  Assimilator  
  114  8:39  Assimilator, Probe  
  115  8:41  Pylon  
  115  8:45  Pylon  
  115  8:46  Probe  
  116  8:48  Pylon  
  116  8:50  Fleet Beacon  
  116  8:51  Cybernetics Core, Probe  
  117  8:56  Pylon  
  117  8:57  Stargate  
  117  8:59  Void Ray  
  121  9:05  Pylon x2  
  121  9:09  Pylon  
  121  9:17  Probe x2  
  123  9:29  Probe x2  
  125  9:41  Probe x2  
  125  9:43  Void Ray  
  131  9:46  Protoss Air Weapons Level 2  
  131  9:48  Probe  
  132  9:53  Probe x2  
  132  9:54  Photon Cannon  
  132  9:56  Void Ray  
  132  9:59  Photon Cannon  
  138  10:00  Probe  
  138  10:06  Protoss Air Armor Level 2  
  139  10:13  Twilight Council  
  139  10:15  Pylon  
  139  10:20  Void Ray  
  139  10:25  Void Ray  
  147  10:40  Pylon  
  147  10:44  Void Ray  
  151  11:03  Void Ray  
  155  11:07  Void Ray  
  153  11:27  Void Ray  
  129  11:43  Void Ray  
  129  11:46  Void Ray  
  129  12:00  Void Ray  
  133  12:18  Void Ray  
  133  12:23  Void Ray  
  133  12:28  Void Ray  
  141  12:36  Void Ray  
  149  12:51  Void Ray  
  149  12:56  Void Ray  
  101  13:03  Void Ray  
  97  13:07  Nexus  
  97  13:10  Assimilator  
  101  13:14  Probe x2  
  101  13:15  Assimilator, Void Ray, Probe  
  104  13:26  Probe x2  
  107  13:27  Protoss Air Weapons Level 3, Probe  
  107  13:34  Void Ray  
  107  13:39  Void Ray, Stargate  
  115  13:44  Stargate  
  115  13:54  Void Ray  
  119  13:58  Void Ray  
  123  14:17  Void Ray  
  123  14:21  Void Ray  
  127  14:49  Void Ray x4  
  143  14:58  Probe  
  143  14:59  Probe x2  
  110  15:17  Void Ray x2  
  110  15:22  Void Ray x2  
  118  15:28  Void Ray  
  118  15:32  Void Ray  
  74  16:07  Void Ray x3  
  72  16:32  Void Ray  
  71  16:59  Void Ray  
  72  17:14  Void Ray  
  76  17:45  Probe x2  
  78  17:53  Nexus  
  78  17:55  Assimilator  
  78  17:57  Probe  
  78  17:58  Pylon, Probe  
  80  18:00  Pylon  
  80  18:02  Pylon  
  80  18:05  Pylon  
  80  18:09  Probe  
  80  18:10  Probe  
  80  18:11  Void Ray x2  
  90  18:22  Probe x2  
  92  18:34  Probe x2  
  94  18:46  Probe x2  
  88  18:58  Void Ray  
Show
View Real Time Build Order
Export as new Build Order

FERNADER Protoss 

Build Orders: Carriers 

Get SALT Encoding   

  12  0:00  Probe  
  13  0:12  Probe  
  14  0:18  Pylon  
  14  0:24  Probe  
  15  0:36  Probe  
  15  0:37  Gateway  
  16  0:45  Probe  
  17  0:51  Assimilator  
  17  0:54  Assimilator  
  17  0:55  Probe  
  18  1:07  Probe  
  19  1:20  Probe  
  20  1:32  Probe  
  21  1:44  Probe  
  22  2:07  Cybernetics Core  
  22  2:10  Pylon  
  22  2:13  Pylon  
  22  2:16  Probe  
  22  2:17  Forge  
  23  2:28  Probe  
  24  2:33  Nexus  
  24  2:40  Probe  
  24  2:42  Nexus  
  25  2:52  Probe  
  25  2:54  Pylon  
  26  3:00  Stargate  
  26  3:03  Warp Gate  
  26  3:16  Photon Cannon  
  25  3:34  Photon Cannon  
  21  3:53  Photon Cannon  
  21  3:56  Probe x2  
  23  4:12  Oracle  
  26  4:21  Pylon  
  26  4:22  Probe  
  26  4:27  Probe  
  26  4:30  Probe  
  28  4:35  Probe  
  29  4:39  Probe  
  29  4:45  Probe  
  32  5:11  Photon Cannon, Probe  
  32  5:12  Probe  
  32  5:13  Photon Cannon  
  32  5:19  Probe  
  32  5:20  Probe  
  36  5:28  Probe  
  36  5:29  Probe  
  38  5:39  Stargate  
  38  5:41  Pylon  
  38  5:44  Pylon  
  38  5:50  Probe x2  
  40  6:02  Probe x2  
  39  6:14  Probe x2  
  41  6:20  Stargate  
  41  6:21  Stargate  
  41  6:26  Probe x2  
  41  6:27  Fleet Beacon  
  41  6:32  Assimilator  
  43  6:35  Assimilator  
  43  6:38  Probe  
  44  6:48  Phoenix x2  
  48  7:11  Photon Cannon  
  48  7:13  Phoenix x3  
  54  7:16  Photon Cannon  
  54  7:32  Carrier  
  60  8:14  Photon Cannon  
  60  8:15  Photon Cannon  
  60  8:19  Carrier  
  66  8:22  Phoenix  
  68  8:34  Carrier  
  68  8:35  Photon Cannon  
  68  8:36  Photon Cannon  
  74  8:44  Pylon  
  74  8:45  Pylon  
  74  8:53  Carrier  
  74  9:08  Nexus  
  80  9:11  Pylon  
  80  9:15  Pylon  
  80  9:52  Photon Cannon  
  80  9:54  Photon Cannon  
  80  9:55  Photon Cannon  
  80  9:56  Photon Cannon  
  80  10:00  Photon Cannon  
  80  10:01  Photon Cannon  
  80  10:04  Carrier  
  80  10:05  Carrier  
  92  10:14  Assimilator  
  92  10:18  Assimilator, Probe x2  
  92  10:19  Probe  
  94  10:27  Probe  
  95  10:30  Probe x2  
  98  10:36  Probe  
  98  10:42  Probe x2  
  101  10:48  Probe  
  102  10:53  Probe  
  102  10:54  Probe  
  104  10:58  Probe  
  104  11:02  Probe x2  
  105  11:06  Probe  
  105  11:09  Carrier  
  105  11:10  Probe x2  
  108  11:12  Carrier  
  108  11:16  Probe  
  123  11:20  Probe x2  
  125  11:28  Probe  
  132  11:47  Carrier  
  128  12:34  Pylon  
  128  12:36  Pylon  
  128  12:39  Pylon  
  128  12:41  Pylon  
  128  12:42  Carrier x2  
  128  12:44  Pylon, Carrier  
  128  12:47  Carrier  
  128  12:56  Protoss Air Weapons Level 1  
  152  13:46  Carrier x2  
  170  13:48  Carrier  
  170  13:53  Carrier  
  164  14:10  Pylon  
  164  14:18  Pylon  
  164  14:19  Pylon  
  164  14:21  Pylon  
  164  14:23  Pylon  
  160  15:01  Carrier  
  160  15:02  Carrier x3  
  96  15:56  Carrier x4  
  71  17:00  Carrier x3  
  89  17:28  Nexus  
  89  17:31  Pylon  
  89  17:34  Pylon  
Show
View Real Time Build Order
Export as new Build Order

Cthulhu Terran 

Build Orders:  

Get SALT Encoding   

  12  0:01  SCV  
  13  0:13  SCV  
  14  0:23  Supply Depot  
  14  0:25  SCV  
  15  0:45  SCV  
  15  0:46  Barracks  
  16  0:50  Refinery  
  16  0:58  Barracks  
  16  1:05  Refinery  
  16  1:09  SCV  
  17  1:22  SCV  
  18  1:34  SCV  
  18  1:35  Reaper  
  20  1:45  Supply Depot  
  20  1:46  Reaper  
  21  1:58  Orbital Command  
  21  2:11  Reaper, Engineering Bay  
  22  2:18  Reaper  
  24  2:30  SCV  
  24  2:33  Supply Depot  
  24  2:39  Terran Infantry Weapons Level 1  
  24  2:44  Reaper  
  25  2:51  Barracks Tech Lab  
  25  3:06  SCV  
  25  3:11  Marauder  
  28  3:22  SCV  
  28  3:23  Marine  
  28  4:09  Marine  
  29  4:17  Barracks Reactor  
  29  4:18  Factory  
  29  4:22  SCV  
  29  4:41  Stimpack, Command Center  
  29  4:42  SCV  
  29  4:43  Marauder  
  29  4:44  Terran Infantry Armor Level 1  
  32  4:53  Marine  
  32  4:54  Marine  
  34  5:00  SCV  
  35  5:10  Marauder  
  35  5:11  Marine x2  
  39  5:14  Starport  
  39  5:27  Supply Depot  
  39  5:49  Widow Mine  
  40  5:51  SCV  
  40  5:54  Marine x2, Marauder  
  40  5:55  Medivac  
  47  6:03  Supply Depot  
  47  6:07  Armory  
  47  6:12  Sensor Tower  
  47  6:21  Combat Shield  
  47  6:27  Orbital Command  
  47  6:30  SCV  
  47  6:32  Supply Depot  
  48  6:50  Marine x2, Marauder  
  49  7:34  Marine  
  49  7:35  Marine x2  
  40  7:46  Missile Turret  
  40  7:50  Sensor Tower  
  40  7:52  Marine  
  41  8:00  Missile Turret x3  
  41  8:02  Missile Turret  
  41  8:03  Missile Turret x2  
  41  8:06  Factory Reactor  
  41  8:08  Medivac  
  41  8:09  Marine x2  
  41  8:10  Marine, SCV  
  41  8:11  SCV  
  48  8:20  Refinery  
  48  8:21  Terran Infantry Weapons Level 2  
  48  8:42  Sensor Tower  
  48  8:47  Marine, SCV x2  
  48  8:48  Marauder  
  53  8:52  Widow Mine x2  
  57  8:56  Medivac  
  59  9:04  Barracks x2  
  59  9:06  SCV  
  60  9:23  Widow Mine x2  
  64  9:55  SCV x2  
  64  9:56  Barracks Tech Lab  
  64  9:57  Barracks Reactor  
  64  9:58  Marine, Marauder  
  69  10:04  Command Center  
  71  10:07  Widow Mine x2  
  71  10:08  Medivac  
  71  10:11  Terran Vehicle And Ship Armor Level 1  
  75  10:16  Refinery  
  75  11:05  Marine x2, Marauder  
  75  11:06  Marauder  
  57  11:59  Marine x3, Marauder  
  57  12:00  Marine, Marauder  
  69  12:01  Widow Mine x2  
  58  12:13  Orbital Command  
  56  12:16  SCV x2  
  56  12:17  Marine  
  56  12:19  Marine x3  
  56  12:20  Marine  
  56  12:21  Terran Infantry Weapons Level 3  
  63  12:24  Marine  
  64  12:34  Viking, Medivac  
  64  12:35  Marine  
  69  12:37  Marine, Supply Depot x2  
  69  12:38  Factory Reactor  
  69  12:39  Supply Depot  
  69  12:44  Marine x4  
  66  12:53  Marine  
  53  13:04  Marine x4  
  53  13:05  Marine  
  58  13:11  Marine  
  63  13:20  Viking, Widow Mine x2, Medivac  
  63  13:22  Marine  
  66  13:55  Marine, Marauder  
  68  13:56  Marine x2  
  68  13:57  Widow Mine  
  68  13:58  Widow Mine  
  73  14:12  Concussive Shells  
  73  14:14  Viking, Medivac  
  73  14:15  Marine x5  
  82  14:21  Widow Mine  
  82  14:22  Widow Mine  
  49  14:52  Marine  
  49  14:53  Marine x2, Marauder  
  52  15:02  Marine x2  
  52  15:03  Hellion  
  52  15:04  Widow Mine  
  52  15:05  Viking, Medivac  
  62  15:25  Widow Mine  
  60  15:44  Marine x2  
  59  16:00  Marine x2, Marauder  
  63  16:21  Marine  
  63  16:22  Marine x5  
  63  16:24  Viking, Widow Mine x2  
  63  16:25  Medivac  
  77  16:26  Terran Infantry Armor Level 2  
  77  16:27  Terran Vehicle And Ship Armor Level 2  
  77  16:39  Marine x4  
  78  16:41  SCV  
  54  17:24  Orbital Command  
  54  17:25  Command Center  
  54  17:34  Refinery  
  54  17:43  Marine  
  55  17:44  Marine x5, Factory Tech Lab  
  60  17:58  Refinery  
  11  18:50  Marine  
  11  18:51  Marine x2  
  12  19:24  Barracks  
  12  19:54  SCV  
Show
View Real Time Build Order
Export as new Build Order

Faust Zerg 

Build Orders: Hatch First, Swarm Host 

Get SALT Encoding   

  12  0:05  Drone  
  13  0:13  Drone  
  14  0:17  Extractor  
  14  0:18  Drone  
  15  0:24  Overlord  
  15  0:43  Drone  
  15  0:44  Drone  
  17  0:57  Hatchery  
  17  0:59  Drone  
  17  1:04  Drone  
  18  1:07  Extractor  
  17  1:19  Spawning Pool  
  17  1:25  Drone  
  17  1:29  Drone  
  18  1:38  Drone  
  19  1:49  Overlord  
  19  2:06  Queen  
  21  2:09  Queen  
  23  2:16  Zergling x4, Overlord  
  23  2:21  Metabolic Boost  
  25  2:29  Baneling Nest  
  24  2:32  Drone  
  26  2:37  Drone  
  26  2:42  Drone  
  27  2:48  Drone x2  
  27  2:51  Drone  
  30  3:01  Drone x2  
  30  3:02  Drone  
  33  3:13  Lair  
  33  3:14  Extractor, Drone  
  33  3:25  Drone x3  
  33  3:26  Drone  
  37  3:29  Extractor  
  37  3:30  Extractor  
  35  3:39  Drone x4  
  35  3:41  Drone  
  40  3:46  Overlord  
  40  3:58  Drone x3  
  40  3:59  Drone  
  40  4:02  Overlord  
  44  4:08  Drone x2  
  44  4:09  Drone  
  47  4:10  Drone  
  47  4:11  Drone  
  49  4:24  Hatchery  
  49  4:28  Spore Crawler, Drone  
  49  4:30  Drone  
  49  4:37  Hydralisk Den  
  49  4:38  Drone x2  
  49  4:44  Infestation Pit  
  49  4:46  Drone x2  
  51  4:57  Drone  
  51  4:58  Overlord x2  
  52  5:02  Nydus Network  
  51  5:15  Spore Crawler  
  50  5:27  Swarm Host x2  
  50  5:28  Swarm Host x5  
  59  5:30  Drone  
  59  5:35  Drone x2  
  74  5:39  Muscular Augments  
  74  5:48  Evolution Chamber  
  73  5:53  Evolution Chamber  
  73  5:56  Swarm Host  
  72  5:57  Swarm Host x2  
  72  5:59  Overlord  
  72  6:00  Overlord  
  81  6:11  Nydus Canal  
  81  6:15  Zergling x2  
  81  6:17  Queen  
  82  6:52  Drone  
  82  6:53  Zergling x2, Drone x9  
  82  6:54  Zergling x8  
  96  7:01  Pneumatized Carapace  
  97  7:08  Nydus Canal  
  97  7:14  Zerg Ground Armor Level 1, Zerg Missile Weapons Level 1  
  97  7:17  Grooved Spines  
  97  7:44  Overlord x6  
  97  7:56  Nydus Canal  
  97  7:58  Drone  
  97  8:02  Extractor, Overlord x3  
  97  8:03  Extractor, Drone x2  
  97  8:04  Drone x4  
  97  8:05  Drone x2  
  103  8:07  Overseer  
  98  8:29  Drone x5  
  103  8:40  Hydralisk x3  
  103  8:41  Hydralisk x5  
  109  8:44  Swarm Host  
  122  8:57  Spine Crawler  
  122  8:58  Drone  
  122  8:59  Drone x2, Spine Crawler  
  122  9:01  Spine Crawler  
  122  9:02  Overlord x2  
  122  9:03  Overlord  
  122  9:06  Hatchery  
  121  9:18  Nydus Canal  
  121  9:27  Drone, Hydralisk  
  121  9:28  Hydralisk x14  
  152  9:48  Hydralisk  
  152  9:49  Hydralisk x6  
  166  9:59  Overlord x3  
  166  10:00  Zerg Missile Weapons Level 2  
  166  10:01  Zerg Ground Armor Level 2  
  166  10:02  Hive  
  166  10:03  Burrow  
  166  10:09  Roach Warren  
  165  10:16  Spire  
  164  10:22  Drone x3  
  164  10:23  Drone x6  
  164  10:27  Nydus Canal  
  173  10:36  Drone  
  173  10:37  Drone x9  
  183  10:53  Nydus Canal  
  183  10:58  Swarm Host x5  
  168  11:36  Corruptor x3  
  168  11:37  Corruptor x9  
  176  11:56  Corruptor x4  
  158  12:23  Zerg Missile Weapons Level 3  
  148  12:30  Overlord  
  107  13:12  Corruptor x6  
  111  13:13  Corruptor  
  121  13:26  Spire  
  120  13:44  Hatchery  
  115  14:08  Corruptor  
  115  14:16  Nydus Canal  
  115  14:28  Overlord  
  115  14:29  Overlord x6  
  72  14:50  Corruptor  
  72  14:51  Corruptor x4  
  82  14:58  Overseer x2  
  82  14:59  Overseer  
  82  15:04  Drone  
  82  15:05  Queen, Drone x2  
  87  15:34  Nydus Canal  
  87  15:59  Drone x7  
  87  16:02  Extractor  
  93  16:05  Extractor  
  93  16:10  Zerg Ground Armor Level 3  
  92  16:15  Zerg Flyer Weapons Level 1  
  92  16:24  Zerg Flyer Armor Level 1  
  92  16:33  Queen  
  94  16:40  Drone x6  
  94  16:41  Drone x4  
  94  16:46  Zerg Melee Weapons Level 1  
  100  17:09  Zergling x18  
  100  17:10  Zergling x16  
  117  17:16  Zergling x8  
  121  17:28  Hatchery  
  120  17:34  Baneling x12  
  120  17:35  Baneling x22  
  120  17:37  Baneling  
  120  17:38  Baneling x7  
  120  18:04  Centrifical Hooks  
  120  18:05  Extractor  
  119  18:07  Adrenal Glands  
  119  18:09  Extractor  
  107  18:33  Zergling x18  
  70  19:36  Corruptor x5  
Show
View Real Time Build Order
Export as new Build Order

Throwfordays Protoss 

Build Orders: Forge Fast Expand (FFE) 

Get SALT Encoding   

  12  0:00  Probe  
  13  0:13  Pylon  
  13  0:17  Probe  
  14  0:29  Probe  
  15  0:40  Forge  
  15  0:41  Probe  
  16  0:53  Probe  
  16  0:55  Pylon  
  17  1:20  Nexus  
  17  1:35  Assimilator  
  17  1:42  Assimilator  
  17  1:44  Probe  
  18  1:55  Photon Cannon  
  18  1:56  Probe  
  18  1:59  Photon Cannon  
  19  2:08  Probe  
  20  2:18  Photon Cannon  
  20  2:20  Photon Cannon  
  20  2:27  Probe  
  20  2:29  Probe  
  22  2:37  Probe  
  22  2:39  Probe  
  24  2:47  Probe  
  24  2:51  Probe  
  26  2:59  Probe  
  26  3:04  Probe  
  28  3:11  Probe  
  29  3:17  Pylon  
  29  3:20  Assimilator  
  29  3:22  Assimilator  
  29  3:23  Probe  
  30  3:33  Pylon  
  30  3:35  Probe  
  30  3:36  Probe  
  32  3:45  Gateway  
  32  3:48  Probe x2  
  34  3:57  Photon Cannon  
  34  4:00  Photon Cannon, Probe x2  
  36  4:07  Photon Cannon  
  36  4:12  Probe x2  
  36  4:14  Photon Cannon  
  38  4:18  Protoss Shields Level 1  
  38  4:24  Probe  
  39  4:32  Cybernetics Core  
  39  4:34  Pylon  
  39  4:38  Pylon  
  39  4:42  Probe  
  39  4:45  Probe  
  40  4:50  Probe  
  41  4:53  Probe  
  41  4:59  Probe  
  43  5:02  Probe  
  45  5:08  Stargate  
  45  5:09  Stargate  
  45  5:11  Probe  
  45  5:12  Stargate  
  46  5:15  Stargate  
  46  5:16  Stargate  
  46  5:21  Protoss Air Weapons Level 1  
  46  5:29  Pylon  
  46  5:32  Photon Cannon  
  46  5:36  Photon Cannon  
  46  5:52  Fleet Beacon  
  46  5:59  Photon Cannon  
  46  6:01  Photon Cannon  
  46  6:22  Void Ray  
  46  6:23  Void Ray  
  54  6:29  Void Ray  
  58  6:44  Nexus  
  58  6:49  Pylon  
  58  6:51  Pylon  
  58  6:54  Assimilator  
  58  6:57  Assimilator, Void Ray x2  
  66  7:15  Photon Cannon  
  66  7:19  Photon Cannon  
  66  7:22  Photon Cannon  
  66  7:23  Probe  
  66  7:25  Photon Cannon, Probe  
  68  7:31  Probe  
  68  7:33  Probe  
  69  7:37  Protoss Air Weapons Level 2  
  69  7:39  Probe  
  69  7:42  Probe  
  71  7:44  Twilight Council  
  71  7:50  Probe  
  72  7:54  Probe  
  74  7:58  Probe  
  74  8:02  Probe  
  74  8:03  Protoss Shields Level 2  
  76  8:06  Probe  
  76  8:10  Probe  
  78  8:14  Void Ray x3  
  90  8:22  Probe  
  91  8:48  Void Ray x2  
  99  8:57  Void Ray  
  99  9:00  Void Ray  
  107  9:07  Void Ray  
  111  9:31  Void Ray  
  115  9:41  Pylon  
  115  9:42  Pylon  
  115  9:44  Pylon  
  115  9:46  Pylon  
  115  9:47  Pylon  
  115  9:48  Pylon  
  115  9:51  Pylon  
  115  9:52  Pylon  
  115  9:54  Pylon  
  115  9:59  Void Ray x2  
  123  10:00  Void Ray x2  
  131  10:08  Nexus  
  131  10:15  Assimilator  
  131  10:16  Protoss Shields Level 3  
  131  10:18  Assimilator  
  131  10:21  Pylon  
  131  10:32  Protoss Air Weapons Level 3  
  131  10:49  Void Ray x2  
  91  11:53  Void Ray x5  
  111  11:56  Probe  
  111  12:00  Probe  
  113  12:03  Probe  
  114  12:09  Probe  
  114  12:12  Probe  
  114  12:15  Probe  
  117  12:21  Probe  
  118  12:24  Probe  
  118  12:27  Probe  
  120  12:35  Void Ray  
  120  12:36  Void Ray x2  
  132  12:39  Probe  
  133  12:47  Mothership  
  133  12:51  Probe  
  133  13:06  Void Ray  
  133  13:07  Void Ray  
  133  13:09  Protoss Air Armor Level 1  
  141  13:18  Void Ray x3  
  153  13:36  Robotics Facility  
  153  13:49  Void Ray  
  153  13:50  Void Ray  
  161  13:56  Void Ray  
  165  14:12  Void Ray x2  
  165  14:23  Void Ray  
  165  14:24  Void Ray  
  173  14:34  Void Ray  
  183  14:54  Observer  
  183  14:55  Void Ray  
  159  15:51  Void Ray  
  159  15:52  Observer  
  156  16:33  Void Ray  
  156  16:53  Void Ray x2  
  156  17:16  Pylon  
  156  17:17  Pylon x2  
  156  17:18  Pylon  
  156  17:20  Pylon  
  156  17:25  Mothership  
  156  17:33  Void Ray x2  
  156  17:35  Void Ray  
Tags
 
Add a new tag
Caveats
  • Supply blocks, unpowered buildings, or Contaminate may cause inaccurate times.
  • Supply counts are checked every 10 seconds.